 Dungeon Crawl Stone Soup version 0.25-a0-707-g603da076d2 (webtiles) character file.

Game seed: 9696834598006994743, levelgen mode: deterministic

10173 Amnesiac the Eclecticist (level 11, -1/54 HPs)
             Began as a Deep Elf Air Elementalist on Apr 5, 2020.
             Was a Believer of Vehumet.
             Shot with an arrow by a centaur (9 damage)
             ... on level 11 of the Dungeon.
             The game lasted 00:27:33 (11857 turns).

Amnesiac the Eclecticist (DEAE)                    Turns: 11857, Time: 00:27:34

Health: -1/54      AC:  8    Str:  5    XL:     11   Next: 32%
Magic:  4/34       EV: 13    Int: 24    God:    Vehumet [**....]
Gold:   627        SH:  0    Dex: 15    Spells: 29/44 levels left

rFire    . . .     SeeInvis .   b - +0 long sword (vorpal)
rCold    . . .     Gourm    .   (no shield)
rNeg     . . .     Faith    .   q - +0 steam dragon scales
rPois    .         Spirit   .   u - +1 helmet
rElec    .         Reflect  .   (no cloak)
rCorr    .         Harm     .   m - +0 pair of gloves
MR       .....                  (no boots)
Stlth    ++........             o - amulet of rage
HPRegen  0.18/turn              (no ring)
MPRegen  0.24/turn              (no ring)

@: vulnerable
A: no striking features
a: Renounce Religion, Evoke Berserk Rage


You were on level 11 of the Dungeon.
You worshipped Vehumet.
Vehumet was pleased with you.
You were hungry.

You visited 2 branches of the dungeon, and saw 12 of its levels.
You also visited: Sewer.

You collected 627 gold pieces.

Inventory:

Hand Weapons
 b - a +0 vorpal long sword (weapon)
 w - a +2 dagger of electrocution
Missiles
 D - 10 arrows
Armour
 m - a +0 pair of gloves (worn)
 q - +0 steam dragon scales (worn)
 u - a +1 helmet (worn)
 C - the +1 leather armour "Wazuas" {rF++}
   (You found it on level 9 of the Dungeon)

   It greatly protects you from fire.
Magical Staves
 a - an uncursed staff of wizardry {!a}
Jewellery
 o - an amulet of rage (around neck)
Wands
 h - a wand of acid (6)
 s - a wand of paralysis (4)
 E - a wand of disintegration (13)
Scrolls
 e - 2 scrolls of magic mapping {!r, unknown}
 f - 6 scrolls of remove curse {!r}
 j - 2 scrolls of enchant weapon {!r}
 p - 2 scrolls of enchant armour {!r}
 r - a scroll of brand weapon {!r, unknown}
 t - a scroll of vulnerability {!r}
 v - a scroll of fog {!r}
 y - 9 scrolls of identify {!r}
 z - a scroll of blinking {!r}
 A - 4 scrolls of teleportation {!r}
Potions
 d - 8 potions of heal wounds {!q}
 g - 4 potions of curing {!q}
 i - 3 potions of flight {!q}
 k - a potion of invisibility {!q, unknown}
 l - 4 potions of might {!q}
 n - 2 potions of haste {!q}
 B - a potion of degeneration {!q, unknown}
Miscellaneous
 x - a lightning rod (4/4)
Comestibles
 c - 20 rations


   Skills:
 - Level 2.4 Dodging
 - Level 2.4 Stealth
 - Level 17.0 Spellcasting
 - Level 1.1 Conjurations
 * Level 10.8 Ice Magic
 - Level 6.0 Air Magic


You had 29 spell levels left.
You knew the following spells:

 Your Spells              Type           Power        Failure   Level  Hunger
a - Airstrike             Air            #####.....   2%          4    None
b - Summon Lightning Spi  Summ/Air       ####....     8%          4    None
c - Summon Ice Beast      Ice/Summ       #####...     2%          4    None
e - Shock                 Conj/Air       ####         1%          1    None
z - Swiftness             Chrm/Air       ####....     1%          2    None

Your spell library contained the following spells:

 Spells                   Type           Power        Failure   Level  Hunger
 Ignite Poison            Fire/Tmut/Pois ###.....     8%          3    None
 Magic Dart               Conj           ####         1%          1    None
 Static Discharge         Conj/Air       #####...     1%          3    None
 Summon Small Mammal      Summ           ###.         2%          1    None
 Blink                    Tloc           N/A          3%          2    None
 Call Imp                 Summ           ###.....     3%          2    None
 Slow                     Hex            ###.....     3%          2    None
 Mephitic Cloud           Conj/Pois/Air  ####....     3%          3    None
 Conjure Flame            Conj/Fire      ###.....     6%          3    None
 Call Canine Familiar     Summ           ###.....     8%          3    None
 Summon Guardian Golem    Hex/Summ       ###.....     8%          3    None
 Lightning Bolt           Conj/Air       #####.....   17%         5    None


Dungeon Overview and Level Annotations

Branches:
Dungeon (11/15)            Temple (1/1) D:6            Lair (0/6) D:8
  Sewer (visited)
    Orc: D:9-12

Altars:
Ashenzari
Cheibriados
Dithmenos
Elyvilon
Fedhas
Gozag
Hepliaklqana
Kikubaaqudgha
Makhleb
Nemelex Xobeh
Okawaru
Qazlal
Ru
Sif Muna
Trog
Uskayaw
Vehumet
Wu Jian
Xom
Yredelemnul
Zin
The Shining One

Shops:
D:5 :

Annotations:
D:11 1 runed translucent door


Message History

Aiming: Shock (safe; 1% risk of failure)
Press: ? - help, Shift-Dir - straight line, f - centaur
Aim: a centaur, wielding a +0 shortbow and quivering 15 arrows The zap hits the centaur.
The centaur is lightly wounded.
The centaur shoots an arrow.
The arrow barely misses you.
The centaur shoots an arrow.
The arrow barely misses you.
You hear a horrible gurgling sound!
Casting: Shock (safe; 1% risk of failure)
Confirm with . or Enter, or press ? or * to list all spells.
Aiming: Airstrike (safe; 2% risk of failure)
Press: ? - help, Dir - move target cursor, f/p - centaur
Aim: a centaur, wielding a +0 shortbow and quivering 13 arrows (lightly wounded)
The air twists around and strikes the centaur!
The centaur is heavily wounded.
You hear a shout!
The centaur shoots an arrow.
The arrow hits you.
* * * LOW HITPOINT WARNING * * *
Casting: Airstrike (safe; 2% risk of failure)
Confirm with . or Enter, or press ? or * to list all spells.
You don't have enough magic to cast that spell.
Evoke which item? (* to show all) (? for menu, Esc to quit)
Aiming: Disintegrate
Press: ? - help, Shift-Dir - straight line, f/p - centaur
Aim: a centaur, wielding a +0 shortbow and quivering 12 arrows (heavily wounded, chance to defeat MR: 65%)
The centaur struggles to resist.
The centaur shoots an arrow.
The arrow hits you but does no damage.
D - 8 arrows The centaur shoots an arrow.
The arrow misses you.
The centaur shoots an arrow.
The arrow hits you.
* * * LOW HITPOINT WARNING * * *
D - 10 arrows (gained 2)
The centaur shoots an arrow.
The arrow barely misses you.
No previous command to re-do.
Unknown command.
Unknown command.
Evoke which item? (* to show all) (? for menu, Esc to quit)
Aiming: Disintegrate
Press: ? - help, Shift-Dir - straight line, f/p - centaur
Aim: a centaur, wielding a +0 shortbow and quivering 8 arrows (heavily wounded, chance to defeat MR: 65%)
The centaur struggles to resist.
A green ugly thing comes into view.
The centaur shoots an arrow.
The arrow hits you!
* * * LOW HITPOINT WARNING * * *
Casting: Airstrike (safe; 2% risk of failure)
Confirm with . or Enter, or press ? or * to list all spells.
Aiming: Shock (safe; 1% risk of failure)
Press: ? - help, Shift-Dir - straight line, f/p - centaur
Aim: a centaur, wielding a +0 shortbow and quivering 7 arrows (heavily wounded)
The zap hits the centaur.
The centaur is severely wounded.
The zap hits the centaur.
The centaur is almost dead.
Really read
t - 2 scrolls labeled PUFATE KOESTRE {!r}?
As you read the scroll labeled PUFATE KOESTRE {!r}, it crumbles to dust.
Magic quickly surges around you.
It was a scroll of vulnerability {!r}.
Okay, then.
Evoke which item? (* to show all) (? for menu, Esc to quit)
Aiming: Paralyse
Press: ? - help, Shift-Dir - straight line, f - green ugly thing, p - centaur
Aim: a green ugly thing (susceptible to hostile enchantments, chance to defeat MR: 46%)
The green ugly thing suddenly stops moving!
The centaur shoots an arrow.
The arrow hits you!
You die...

#...... #...)c
#..cc. #+##.....
........#######+#
........#@.......
........#).......
.......(#uc......
.......()...#####
#+###...###.....
+...+3#......
#...###.......
#....S........
########'##.......#


You could see a green ugly thing (paralysed), a sixfirhy, a centaur and an
adder.

Vanquished Creatures
  A hydra (D:8)
  A centaur zombie (D:10)
  Maggie (D:6)
  Prince Ribbit (D:6)
  2 dream sheep (D:8)
  Sigmund (D:6)
  2 basilisks (D:8)
  6 yaks (D:8)
  2 vampire mosquitoes (D:9)
  5 porcupines (D:8)
  Duvessa (D:7)
  A water moccasin (D:6)
  An orc warrior (D:11)
  4 phantoms
  An ice beast (D:9)
  3 sky beasts
  3 black bears
  8 ogres
  11 centaurs
  2 crocodiles (D:8)
  9 big kobolds
  Blork the orc (D:6)
  4 bullfrogs
  Dowan (D:7)
  3 scorpions
  9 killer bees (D:9)
  A howler monkey (D:6)
  8 crimson imps
  A centaur skeleton (D:5)
  2 jellies
  10 orc wizards
  A gnoll shaman (D:8)
  6 hounds
  4 orc priests
  2 bullfrog skeletons
  Terence (D:3)
  2 iguanas (D:8)
  4 worker ants
  2 hound skeletons
  A howler monkey skeleton (D:7)
  4 gnolls (D:6)
  14 adders
  7 river rats (Sewer)
  A shadow imp (D:9)
  An ooze (D:7)
  An adder zombie (D:7)
  5 worms
  4 dart slugs
  7 leopard geckos
  18 orcs
  8 bats
  8 giant cockroaches
  5 goblins
  11 hobgoblins
  15 jackals
  4 quokkas
  8 ball pythons
  8 frilled lizards
  A giant cockroach zombie (D:5)
  A jackal skeleton (D:4)
  28 kobolds
  A quokka zombie (D:4)
  27 rats
316 creatures vanquished.

Vanquished Creatures (collateral kills)
  A hippogriff (D:5)
1 creature vanquished.

Vanquished Creatures (others)
  3 plants (D:8)
3 creatures vanquished.

Grand Total: 320 creatures vanquished

Notes
Turn   | Place    | Note
-------+----------+-------------------------------------------
     0 | D:1      | Amnesiac the Deep Elf Air Elementalist began the quest for
                  | the Orb.
     0 | D:1      | Reached XP level 1. HP: 10/10 MP: 6/6
   216 | D:1      | Reached XP level 2. HP: 2/15 MP: 4/8
   741 | D:1      | Reached XP level 3. HP: 19/19 MP: 1/10
  1302 | D:2      | Reached skill level 4 in Spellcasting
  1466 | D:2      | Reached XP level 4. HP: 24/24 MP: 10/12
  1475 | D:2      | Learned a level 4 spell: Airstrike
  1530 | D:2      | Found a blossoming altar of Fedhas.
  2123 | D:3      | Found a shimmering blue altar of Sif Muna.
  2260 | D:3      | Found an ancient bone altar of Kikubaaqudgha.
  2419 | D:3      | Noticed Terence
  2434 | D:3      | Killed Terence
  2434 | D:3      | Reached skill level 5 in Air Magic
  2434 | D:3      | Reached XP level 5. HP: 28/28 MP: 9/14
  3010 | D:4      | Noticed an ogre
  3025 | D:4      | Killed an ogre
  3025 | D:4      | Reached skill level 5 in Spellcasting
  3025 | D:4      | Reached XP level 6. HP: 29/32 MP: 10/16
  3057 | D:4      | You fall into a shaft and drop 1 floor!
  3057 | D:5      | Entered Level 5 of the Dungeon
  3110 | D:5      | Reached skill level 6 in Spellcasting
  3309 | D:5      | Reached skill level 7 in Spellcasting
  3362 | D:5      | Reached XP level 7. HP: 26/36 MP: 5/20
  3551 | D:4      | Reached skill level 8 in Spellcasting
  4212 | D:4      | Reached skill level 9 in Spellcasting
  4537 | D:5      | Learned a level 4 spell: Summon Lightning Spire
  4542 | D:5      | Learned a level 4 spell: Summon Ice Beast
  4545 | D:5      | Learned a level 2 spell: Swiftness
  4550 | D:5      | Reached skill level 10 in Spellcasting
  4782 | D:5      | Reached XP level 8. HP: 30/41 MP: 14/24
  4830 | D:5      | Noticed a hippogriff
  4950 | D:5      | Reached skill level 11 in Spellcasting
  5069 | D:5      | Found Tock's Book Boutique.
  5155 | D:5      | Found a hide-covered altar of Uskayaw.
  5297 | D:5      | Killed a hippogriff
  5315 | D:6      | Noticed Sigmund
  5333 | D:6      | Reached skill level 12 in Spellcasting
  5371 | D:6      | Noticed Prince Ribbit
  5374 | D:6      | Noticed Maggie
  5375 | D:6      | Killed Prince Ribbit
  5389 | D:6      | Reached skill level 13 in Spellcasting
  5503 | D:6      | Found a glowing drain.
  5528 | Sewer    | Entered a sewer
  5766 | Sewer    | Reached XP level 9. HP: 45/45 MP: 10/28
  6293 | Sewer    | Reached skill level 14 in Spellcasting
  6502 | D:6      | Killed Maggie
  6705 | D:6      | Noticed Blork the orc
  6709 | D:6      | Killed Blork the orc
  6725 | D:6      | Killed Sigmund
  6763 | D:6      | Reached skill level 15 in Spellcasting
  6803 | D:6      | Found a sparkling altar of Nemelex Xobeh.
  6981 | D:6      | Found a staircase to the Ecumenical Temple.
  7041 | Temple   | Entered the Ecumenical Temple
  7155 | Temple   | Became a worshipper of Vehumet
  7526 | D:7      | Found a hazy altar of Hepliaklqana.
  7531 | D:7      | Found a glowing golden altar of the Shining One.
  7534 | D:7      | Found an opulent altar of Gozag.
  7570 | D:7      | Reached skill level 16 in Spellcasting
  7858 | D:7      | Found a sacrificial altar of Ru.
  7877 | D:7      | Reached XP level 10. HP: 50/50 MP: 3/32
  8167 | D:7      | Noticed Duvessa
  8169 | D:7      | Noticed Dowan
  8170 | D:7      | Killed Duvessa
  8174 | D:7      | Killed Dowan
  8297 | D:7      | Reached * piety under Vehumet
  8297 | D:7      | Offered knowledge of Freeze by Vehumet.
  8588 | D:8      | Reached skill level 1 in Ice Magic
  8648 | D:8      | Reached skill level 17 in Spellcasting
  8827 | D:8      | Found a staircase to the Lair.
  8833 | D:8      | Reached skill level 5 in Ice Magic
  9341 | D:8      | Noticed a three-headed hydra
  9352 | D:8      | Killed a three-headed hydra
  9583 | D:8      | Reached XP level 11. HP: 54/54 MP: 0/34
  9645 | D:8      | Reached ** piety under Vehumet
  9658 | D:8      | Offered knowledge of Magic Dart by Vehumet.
 10062 | D:9      | Got a fine leather armour
 10073 | D:9      | Identified the +1 leather armour "Wazuas" {rF++} (You found
                  | it on level 9 of the Dungeon)
 10553 | D:9      | Reached skill level 10 in Ice Magic
 10742 | D:10     | Entered Level 10 of the Dungeon
 10744 | D:10     | Offered knowledge of Ignite Poison by Vehumet.
 11804 | D:11     | Found a runed translucent door.
 11804 | D:11     | Noticed a sixfirhy
 11854 | D:11     | Noticed a green ugly thing
 11857 | D:11     | Shot with an arrow by a centaur

Levels and vault maps discovered:
D:1:      psy_arrival_heroes, layout_basic, minmay_misc_feat_more_columns
D:2:      layout_basic, fedhas_altar_4
D:3:      layout_loops_corners, lemuel_round_altar,
          lemuel_coloured_pillars_altar, uniq_terence
D:4:      layout_rooms, first_ration, chequers_serial_rivers_micro_c,
          kennysheep_generic_room_4
D:5:      layout_loops_ring, basic_altar, serial_shops, shop
D:6:      layout_loops_ring, minmay_temple_entry_statues_fountains,
          cheibrodos_sewer_entry_bend, nemelex_diamond_rough_becter,
          uniq_sigmund, uniq_blork_the_orc, uniq_maggie, uniq_prince_ribbit1
D:7:      layout_loops_ring, minmay_overflow_temple_star_quad, basic_altar,
          uniq_duvessa
D:8:      layout_rooms, minmay_lair_entry_grove, hangedman_ranch
          [blue_anna_fruit_fields], kennysheep_kite_vault
D:9:      layout_small_grid, wad_floor_pattern_2
D:10:     layout_layer_cave
D:11:     cheibrodos_shockbox, layout_gridville, david_orc_5, serial_shops,
          nicolae_shop_crystal, minmay_misc_feat_columns
Temple:   eino_temple_rhombus

Skill      XL: |  1  2  3  4  5  6  7  8  9 10 11 |
---------------+----------------------------------+-----
Air Magic      | 4 5 6 |  6.0
Spellcasting   | 4 5 7 10 13 16 17 | 17.0
Ice Magic      | 8 10 | 10.8
Dodging        | |  2.4
Stealth        | |  2.4
Conjurations   | |  1.1

Action                   |  1- 3 |  4- 6 |  7- 9 | 10-12 || total
-------------------------+-------+-------+-------+-------++-------
Melee: Dagger            |       |    10 |       |       ||    10
       Mace              |       |       |     1 |       ||     1
       Staff             |       |       |     1 |       ||     1
       Long sword        |       |       |       |    36 ||    36
 Fire: Shortbow          |       |       |     1 |       ||     1
 Cast: Shock             |    83 |   104 |    75 |    90 ||   352
       Airstrike         |       |    11 |   130 |   132 ||   273
       Summon Lightning  |       |       |     2 |       ||     2
       Swiftness         |       |       |       |     1 ||     1
 Abil: Evoke Berserk Rag |       |       |       |     1 ||     1
Evoke: Wand              |       |       |     3 |     3 ||     6
  Use: Scroll            |       |     3 |     8 |     6 ||    17
       Potion            |       |       |       |     7 ||     7
  Eat: Chunk             |     1 |     7 |    16 |    12 ||    36
Armor: Robe              |     3 |     3 |     6 |       ||    12
       Steam dragon scal |       |       |    10 |    23 ||    33
Dodge: Dodged            |    24 |    14 |    36 |    81 ||   155
       Rpst.: Long sword |       |       |       |    25 ||    25

Table legend:
 A = Non-vault XP
 B = Vault XP
 C = Vault XP percentage of total XP
 D = Non-vault monster count
 E = Vault monster count
 F = Vault count percentage of total count
                 A         B        C        D         E       F
            +---------+---------+-------+---------+---------+-------
      Total |    7667 |    6867 |  47.2 |     229 |      88 |  27.8
            +---------+---------+-------+---------+---------+-------
        D:1 |      55 |       0 |   0.0 |      32 |       0 |   0.0
        D:2 |      83 |       0 |   0.0 |      29 |       0 |   0.0
        D:3 |      66 |      36 |  35.3 |      25 |       1 |   3.8
        D:4 |     573 |       0 |   0.0 |      21 |       0 |   0.0
        D:5 |    1125 |       0 |   0.0 |      23 |       0 |   0.0
        D:6 |    1152 |     917 |  44.3 |      18 |       5 |  21.7
        D:7 |    1213 |     225 |  15.6 |      29 |       2 |   6.5
        D:8 |     120 |    5038 |  97.7 |       3 |      32 |  91.4
        D:9 |    1628 |       0 |   0.0 |      29 |       0 |   0.0
       D:10 |     999 |       0 |   0.0 |      13 |       0 |   0.0
       D:11 |     613 |       0 |   0.0 |       6 |       0 |   0.0
     Temple |      40 |       0 |   0.0 |       1 |       0 |   0.0
      Sewer |       0 |     651 | 100.0 |       0 |      48 | 100.0
            +---------+---------+-------+---------+---------+-------
